Map: Galactic Process LE

Players

Iridium - Winner!

  • Race: Protoss Protoss
  • League: Diamond

Tenonee

  • Race: Terran Terran
  • League: Diamond

VOD

Have the link to the VOD?

Description

Time

  • Played on: July 31, 2016, 8:07 a.m.
  • Length: 16:12
Show
View Real Time Build Order
Export as new Build Order

Iridium Protoss - Winner!

Build Orders: 1 Gate Expand 

Get SALT Encoding   

  12  0:00  Probe (Chrono Boost)  
  13  0:11  Probe (Chrono Boost)  
  14  0:17  Pylon  
  14  0:22  Probe (Chrono Boost)  
  15  0:35  Probe (Chrono Boost)  
  16  0:36  Gateway  
  16  0:42  Assimilator  
  16  0:46  Probe (Chrono Boost)  
  17  0:56  Probe (Chrono Boost)  
  18  1:07  Probe (Chrono Boost)  
  19  1:27  Nexus  
  19  1:31  Probe (Chrono Boost)  
  20  1:39  Assimilator  
  20  1:41  Probe (Chrono Boost)  
  20  1:45  Pylon  
  21  1:52  Probe (Chrono Boost)  
  22  1:57  Cybernetics Core  
  22  2:02  Probe (Chrono Boost)  
  23  2:13  Probe (Chrono Boost)  
  24  2:23  Probe (Chrono Boost)  
  25  2:35  Twilight Council  
  25  2:36  Adept, Warp Gate  
  27  2:38  Mothership Core (Chrono Boost)  
  27  2:40  Probe (Chrono Boost)  
  30  2:51  Probe (Chrono Boost)  
  31  2:56  Probe (Chrono Boost)  
  32  3:03  Adept  
  34  3:11  Probe x2 (Chrono Boost)  
  36  3:17  Resonating Glaives  
  36  3:21  Probe x2 (Chrono Boost)  
  38  3:28  Robotics Facility  
  38  3:32  Probe x2 (Chrono Boost)  
  38  3:34  Adept  
  42  3:42  Probe x2 (Chrono Boost), Pylon  
  42  3:47  Gateway  
  44  3:51  Gateway  
  44  3:53  Probe (Chrono Boost)  
  44  3:54  Probe (Chrono Boost)  
  46  3:59  Pylon  
  46  4:04  Probe x2 (Chrono Boost)  
  46  4:05  Adept  
  50  4:12  Warp Prism  
  50  4:15  Probe (Chrono Boost)  
  50  4:16  Probe (Chrono Boost)  
  54  4:25  Dark Shrine  
  54  4:26  Probe (Chrono Boost)  
  54  4:28  Probe (Chrono Boost)  
  54  4:30  Assimilator  
  56  4:32  Assimilator  
  56  4:37  Pylon  
  56  4:43  Probe x2 (Chrono Boost)  
  58  4:48  Observer  
  59  4:53  Probe x2 (Chrono Boost)  
  61  5:01  Pylon  
  61  5:04  Probe x2 (Chrono Boost)  
  61  5:05  Pylon  
  63  5:09  Stalker x3  
  69  5:28  Gateway  
  69  5:30  Pylon  
  69  5:45  Dark Templar  
  69  5:46  Dark Templar x2  
  75  6:01  Blink  
  59  6:07  Probe x2 (Chrono Boost), Warp Prism  
  63  6:15  Pylon  
  63  6:22  Pylon  
  63  6:27  Zealot x3  
  63  6:28  Zealot  
  63  6:31  Nexus  
  71  6:36  Pylon  
  71  6:37  Pylon  
  71  6:39  Gateway  
  71  6:42  Gateway  
  71  6:44  Gateway  
  69  7:04  Pylon  
  69  7:08  Dark Templar x4  
  77  7:17  Probe (Chrono Boost)  
  77  7:18  Probe (Chrono Boost)  
  81  7:30  Probe (Chrono Boost)  
  81  7:31  Probe (Chrono Boost)  
  79  7:51  Probe (Chrono Boost)  
  81  7:52  Probe (Chrono Boost)  
  75  8:14  Probe x2 (Chrono Boost)  
  75  8:15  Dark Templar x2  
  75  8:16  Probe (Chrono Boost), Dark Templar x2  
  84  8:38  Charge  
  84  8:39  Probe x2 (Chrono Boost)  
  84  8:40  Probe (Chrono Boost)  
  86  8:50  Immortal  
  90  8:57  Gateway  
  90  8:59  Gateway x2  
  90  9:02  Zealot x2  
  86  9:03  Zealot x5  
  86  9:07  Assimilator  
  98  9:10  Assimilator  
  98  9:11  Probe (Chrono Boost)  
  98  9:12  Probe (Chrono Boost)  
  98  9:13  Pylon  
  98  9:15  Pylon  
  100  9:24  Probe (Chrono Boost)  
  102  9:25  Probe (Chrono Boost)  
  102  9:29  Immortal  
  106  9:32  Stalker x2  
  106  9:33  Stalker x4  
  118  9:41  Probe (Chrono Boost)  
  118  9:42  Probe (Chrono Boost)  
  120  9:47  Pylon  
  120  9:57  Forge  
  120  9:58  Forge, Templar Archives  
  120  10:08  Stalker  
  120  10:09  Stalker x3  
  128  10:21  Observer  
  129  10:28  Protoss Ground Weapons Level 1  
  129  10:29  Protoss Ground Armor Level 1  
  129  10:33  Photon Cannon  
  129  10:36  Photon Cannon  
  129  10:39  Photon Cannon  
  129  10:40  Observer, Psionic Storm  
  129  10:41  Photon Cannon x2  
  130  10:45  Photon Cannon  
  91  11:10  Stalker x3  
  91  11:11  Stalker x4  
  101  11:29  Probe x3 (Chrono Boost)  
  101  11:32  Photon Cannon  
  104  11:36  Photon Cannon  
  104  11:38  Photon Cannon  
  102  11:51  Immortal  
  100  11:59  High Templar  
  100  12:00  High Templar x3  
  112  12:05  Protoss Ground Weapons Level 2, Protoss Ground Armor Level 2  
  112  12:19  Nexus  
  112  12:25  Pylon  
  112  12:29  Pylon  
  112  12:31  Zealot x2  
  112  12:32  Zealot x2  
  112  12:33  High Templar x2, Pylon  
  112  12:34  Zealot x2  
  128  12:37  Immortal, Pylon  
  135  12:45  Probe x3 (Chrono Boost)  
  135  12:50  Photon Cannon  
  130  13:15  Zealot x2  
  130  13:16  Zealot x2  
  137  13:21  Dark Templar x4  
  127  14:10  Assimilator  
  127  14:12  Assimilator  
  127  14:18  Zealot x2  
  127  14:19  Zealot x6  
  127  14:20  Zealot x2  
  131  14:53  Archon x2  
  131  14:58  Stalker x3  
  131  14:59  Stalker x5  
  147  15:00  Stalker x2  
  151  15:19  Nexus  
  151  15:30  High Templar x3  
  151  15:31  High Templar x3  
  151  15:32  High Templar x2  
  151  15:33  High Templar  
  151  15:34  Stalker  
  151  15:35  Archon x3  
  171  15:36  Archon  
  171  15:38  Archon  
  157  16:03  Stalker x3  
  163  16:04  Stalker x3  
  163  16:05  Stalker  
  163  16:06  High Templar x2  
Show
View Real Time Build Order
Export as new Build Order

Tenonee Terran 

Build Orders: MMM Bio 

Get SALT Encoding   

  12  0:01  SCV  
  13  0:13  SCV  
  14  0:17  Supply Depot  
  14  0:25  SCV  
  15  0:39  SCV  
  16  0:42  Barracks  
  16  0:47  Refinery  
  16  0:51  SCV  
  17  1:03  SCV  
  17  1:04  Supply Depot  
  18  1:15  SCV  
  19  1:31  Orbital Command  
  19  1:32  Barracks Reactor  
  19  1:50  Barracks  
  19  2:00  SCV  
  20  2:06  Command Center  
  20  2:12  Marine x2  
  22  2:16  SCV  
  23  2:25  Factory  
  23  2:29  Marine, SCV  
  24  2:31  Marine  
  26  2:41  SCV  
  27  2:47  Marine  
  27  2:49  Marine  
  29  2:53  SCV  
  29  2:57  Barracks  
  30  3:05  SCV  
  31  3:06  Refinery  
  31  3:11  Starport  
  31  3:17  Widow Mine  
  33  3:20  Orbital Command  
  33  3:21  SCV  
  34  3:33  SCV  
  35  3:35  Marine x2  
  37  3:44  Barracks Tech Lab, Supply Depot  
  37  3:45  Widow Mine, SCV  
  40  3:52  Starport Reactor  
  40  3:55  SCV  
  41  3:56  Refinery  
  41  3:58  SCV  
  42  4:07  SCV  
  42  4:09  Marine x2  
  44  4:10  Marine, SCV  
  44  4:14  Stimpack  
  47  4:19  SCV  
  47  4:22  SCV  
  49  4:30  Barracks  
  49  4:31  SCV  
  49  4:32  Supply Depot  
  49  4:34  Supply Depot, SCV  
  49  4:35  Marine  
  52  4:43  SCV  
  53  4:46  SCV  
  54  4:53  Factory Reactor  
  54  4:54  Medivac x2  
  54  4:57  Supply Depot  
  58  5:00  SCV x2  
  60  5:07  Supply Depot  
  60  5:10  Marine x2  
  60  5:12  SCV x2  
  63  5:22  Marine  
  63  5:24  SCV x2  
  63  5:27  Marine  
  63  5:28  Marine  
  66  5:41  Marine  
  64  5:45  Marine x2  
  66  5:52  SCV x2  
  63  6:04  SCV  
  63  6:07  SCV  
  65  6:16  SCV  
  66  6:19  Command Center, Combat Shields, SCV  
  66  6:20  Marine x2  
  66  6:21  Marine  
  66  6:22  Medivac  
  72  6:28  SCV  
  72  6:31  SCV  
  74  6:38  Marine x2  
  76  6:40  Factory Tech Lab, SCV  
  76  6:42  Refinery  
  76  6:43  SCV  
  76  6:45  Engineering Bay  
  78  6:50  Engineering Bay  
  72  7:07  Marine  
  73  7:12  Missile Turret  
  73  7:15  Marine x2  
  75  7:24  Marine  
  70  7:33  Marine x2  
  72  7:46  Terran Infantry Armor Level 1, Terran Infantry Weapons Level 1  
  63  8:01  Missile Turret  
  63  8:15  Orbital Command  
  63  8:16  Missile Turret  
  63  8:18  Marine  
  63  8:19  Marine  
  66  8:20  Barracks Tech Lab  
  66  8:21  Siege Tank  
  66  8:26  Barracks  
  67  8:33  Missile Turret  
  67  8:36  Marine x2  
  67  8:39  Marine  
  63  8:50  SCV x3  
  63  8:54  Marine x2  
  64  8:57  Marine  
  64  9:02  SCV x2  
  65  9:03  SCV  
  65  9:05  Refinery  
  65  9:06  Refinery  
  65  9:07  Medivac x2, Siege Tank  
  74  9:12  Marine x2  
  74  9:13  Armory  
  74  9:15  Concussive Shells  
  76  9:24  SCV x3  
  76  9:27  Marine  
  76  9:30  Marine  
  81  9:36  SCV  
  81  9:37  Medivac  
  84  9:42  Marine  
  85  9:45  Marine  
  85  9:47  Ghost Academy, Marine, Siege Tank  
  85  9:49  Missile Turret  
  90  9:56  SCV x3  
  90  9:59  Marine  
  93  10:03  Marine  
  93  10:06  Marine  
  96  10:08  SCV  
  97  10:17  Marine  
  98  10:26  Marine, Marauder  
  101  10:33  Barracks  
  101  10:42  Supply Depot, Marine  
  102  10:44  Marine  
  102  10:45  Supply Depot, Siege Tank  
  102  10:47  Marine  
  100  10:59  Marine  
  100  11:03  Marine  
  90  11:05  Marauder  
  90  11:10  Medivac  
  90  11:11  Medivac  
  91  11:16  Terran Infantry Weapons Level 2, SCV  
  91  11:17  Marine, Terran Infantry Armor Level 2  
  92  11:19  SCV x2  
  92  11:20  Marine  
  95  11:27  Marauder  
  95  11:29  SCV  
  95  11:31  SCV  
  99  11:35  Marine  
  99  11:38  Marine  
  101  11:40  Siege Tank  
  101  11:48  Marauder  
  101  11:53  Marine  
  103  11:56  Marine  
  103  11:57  Barracks Tech Lab  
  103  11:59  Barracks  
  103  12:01  SCV x2  
  106  12:03  Command Center  
  106  12:05  Marine x2  
  106  12:07  Medivac x2  
  111  12:09  Marine  
  111  12:11  Marine  
  111  12:14  Marine  
  114  12:17  Missile Turret  
  114  12:20  Marauder  
  114  12:22  Barracks  
  116  12:23  Marine x2  
  116  12:27  Marauder  
  116  12:29  Marine  
  121  12:31  Liberator x2  
  121  12:32  Marine  
  122  12:38  Siege Tank  
  125  12:44  Supply Depot  
  125  12:48  Marine x2  
  125  12:49  Marine, Marauder x2  
  125  12:50  Supply Depot  
  138  12:52  Bunker  
  138  12:59  Marine  
  138  13:02  Barracks Tech Lab  
  139  13:06  Supply Depot  
  139  13:15  Marine x3, Marauder  
  139  13:16  Marine  
  142  13:33  Marine  
  145  13:34  Ghost, Marauder  
  145  13:36  Ghost  
  141  13:52  Marine  
  141  13:53  Marine x4  
  141  13:54  Ghost  
  118  14:02  Ghost  
  118  14:05  Marauder  
  112  14:10  Marine x2  
  112  14:15  Marine x3  
  117  14:23  Ghost  
  119  14:26  Ghost  
  119  14:28  Marine  
  110  14:32  Marauder  
  106  14:49  Marine  
  106  14:50  Marine x4  
  106  14:52  Marauder  
  109  14:53  Marine  
  109  14:55  Marine  
  97  15:07  Marine x2  
  97  15:12  Planetary Fortress  
  98  15:23  Marine x2, Marauder  
  102  15:32  Marauder, Marine x4, Refinery x2  
  108  15:41  Marine x2  
  110  15:44  Marine  
  110  15:49  Marine  
  94  15:50  Marine x2, Marauder  
Tags
 
Add a new tag
Caveats
  • Supply blocks, unpowered buildings, or Contaminate may cause inaccurate times.
  • Supply counts are checked every 10 seconds.